 Dungeon Crawl Stone Soup version 0.25.1-2-g60ff931df9 (webtiles) character file.

Game seed: 2132703682649686339

89 Goreval the Magician (level 4, -11/27 HPs)
             Began as an Octopode Wizard on Sept 25, 2020.
             Shot with an arrow by a centaur (14 damage)
             ... on level 2 of the Dungeon.
             The game lasted 00:03:49 (2817 turns).

Goreval the Magician (Octopode Wizard)              Turns: 2817, Time: 00:03:50

Health: -11/27     AC:  1    Str:  6    XL:     4   Next: 55%
Magic:  5/9        EV: 13    Int: 21    God:
Gold:   133        SH:  0    Dex: 10    Spells: 4/9 levels left

rFire    . . .     SeeInvis .   e - +0 dagger
rCold    . . .     Gourm    .   (no shield)
rNeg     . . .     Faith    .   a - +0 hat
rPois    .         Spirit   .   (no amulet)
rElec    .         Reflect  .   (no ring)
rCorr    .         Harm     .   (no ring)
MR       .....                  (no ring)
Stlth    +++.......             (no ring)
HPRegen  0.09/turn              (no ring)
MPRegen  0.11/turn              (no ring)
                                (no ring)
                                (no ring)

@: no status effects
A: almost no armour, stealthy swim, amphibious, 8 rings, constrict 8, camouflage
1, gelatinous body 1
a: no special abilities


You were on level 2 of the Dungeon.
You were not hungry.

You visited 1 branch of the dungeon, and saw 2 of its levels.

You collected 133 gold pieces.

Inventory:

Hand Weapons
 e - a +0 dagger (weapon)
Armour
 a - a +0 hat (worn)
Jewellery
 p - a cursed ring of teleportation {unknown}
Scrolls
 d - 2 scrolls of identify {unknown}
 g - a scroll of magic mapping {unknown}
 i - a scroll of amnesia {unknown}
 k - a scroll of remove curse {unknown}
Potions
 b - a potion of haste {unknown}
 f - a potion of mutation {unknown}
 h - a potion of berserk rage
 j - a potion of cancellation {unknown}
 l - a potion of heal wounds {unknown}
 m - a potion of lignification {unknown}
 n - a potion of curing {unknown}
Comestibles
 c - 5 rations
 o - 4 chunks of flesh


   Skills:
 + Level 2.8 Dodging
 - Level 3.0 Stealth
 + Level 3.4 Spellcasting
 * Level 3.0 Conjurations
 - Level 1.0 Summonings
 - Level 1.0 Translocations


You had 4 spell levels left.
You knew the following spells:

 Your Spells              Type           Power        Failure   Level  Hunger
a - Magic Dart            Conj           ###.         3%          1    None
n - Blink                 Tloc           N/A          13%         2    ##.....
z - Call Imp              Summ           #.......     13%         2    ##.....

Your spell library contained the following spells:

 Spells                   Type           Power        Failure   Level  Hunger
 Slow                     Hex            #.......     19%         2    ##.....
 Conjure Flame            Conj/Fire      #.......     21%         3    ###....
 Mephitic Cloud           Conj/Pois/Air  #.......     26%         3    ###....


Dungeon Overview and Level Annotations

Branches:
Dungeon (2/15)

Altars:
Gozag
Ru
Trog


Innate Abilities, Weirdness & Mutations

You cannot wear most types of armour.
You are very stealthy in the water. (Stealth+)
You are amphibious.
You can wear up to eight rings at the same time.
You can use your tentacles to constrict eight enemies at once.
Your skin changes colour to match your surroundings (Stealth+).
Your rubbery body absorbs attacks. (AC +1, EV +1)


Message History

The centaur shoots an arrow.
The arrow closely misses your crimson imp.
The arrow barely misses you.
Your crimson imp barely misses the centaur.
The centaur shoots an arrow.
The arrow completely misses your crimson imp.
The arrow hits you!
Your crimson imp barely misses the centaur.
The centaur shoots an arrow.
The arrow closely misses your crimson imp.
The arrow hits you!
Ouch! That really hurt!
* * * LOW HITPOINT WARNING * * *
The centaur shoots an arrow.
The arrow hits your crimson imp!
Your crimson imp dies!
You see here 3 arrows.
The centaur shoots an arrow.
The arrow barely misses your iron imp. The arrow hits you!
Ouch! That really hurt!
You die...

##################
#................#
#................#
##...........)....##
...................####
_...#####+##.(....5(c.#
....#.... #....@((##.#
......... #######.##.#
......### ####.......#
.......# ###c###.#
#....#.##### ...
............ ...
#..........# ....#
.....#####. ...# .....#
....


You could see a centaur and a friendly iron imp (summoned).

Vanquished Creatures
  4 adders (D:2)
  A worm (D:2)
  3 dart slugs
  2 leopard geckos
  2 giant cockroaches (D:1)
  7 goblins
  4 hobgoblins
  8 bats
  3 frilled lizards
  3 kobolds
  7 rats
44 creatures vanquished.

Vanquished Creatures (collateral kills)
  A leopard gecko (D:1)
  2 hobgoblins
3 creatures vanquished.

Vanquished Creatures (others)
  A bat (D:2)
1 creature vanquished.

Grand Total: 48 creatures vanquished

Notes
Turn   | Place    | Note
-------+----------+-------------------------------------------
     0 | D:1      | Goreval the Octopode Wizard began the quest for the Orb.
     0 | D:1      | Reached XP level 1. HP: 11/11 MP: 4/4
   178 | D:1      | Reached XP level 2. HP: 9/17 MP: 0/6
   336 | D:1      | Learned a level 2 spell: Call Imp
   339 | D:1      | Learned a level 2 spell: Blink
  1046 | D:1      | Reached XP level 3. HP: 21/21 MP: 2/7
  1832 | D:2      | Found a sacrificial altar of Ru.
  1926 | D:2      | Reached XP level 4. HP: 9/27 MP: 1/9
  2539 | D:2      | Found a bloodstained altar of Trog.
  2596 | D:2      | Found an opulent altar of Gozag.
  2804 | D:2      | Noticed a centaur
  2817 | D:2      | Shot with an arrow by a centaur

Illustrated notes

Levels and vault maps discovered:
D:1:      dpeg_arrival_windows_large_door, layout_loops_ring
D:2:      layout_basic, bloody_trog, fiery_altar_vehumet,
          nicolae_gozag_seed_capital, lemuel_crystal_altar

Skill      XL: |  1  2  3  4 |
---------------+-------------+-----
Stealth        | 3 |  3.0
Conjurations   | 2 3 |  3.0
Dodging        | |  2.8
Spellcasting   | |  3.4
Summonings     | |  1.0
Translocations | |  1.0

Action                   |  1- 3 |  4- 6 || total
-------------------------+-------+-------++-------
Melee: Dagger            |    28 |     5 ||    33
       Constrict         |     7 |     2 ||     9
       Unarmed           |     3 |       ||     3
       Tentacles         |     2 |     1 ||     3
 Cast: Magic Dart        |    75 |    21 ||    96
       Call Imp          |     1 |     3 ||     4
  Use: Potion            |     1 |       ||     1
  Eat: Chunk             |     3 |     3 ||     6
Armor: Skin              |     4 |       ||     4
Dodge: Dodged            |    35 |     7 ||    42
